 Dungeon Crawl Stone Soup version 0.20.1-1-g8b1a95d (webtiles) character file.

1345 seb29deBrest the Ducker (level 8, -1/78 HPs)
             Began as a Troll Berserker on Nov 15, 2017.
             Was a Priest of Trog.
             Slain by a centaur (2 damage)
             ... on level 6 of the Dungeon.
             The game lasted 00:27:33 (5054 turns).

seb29deBrest the Ducker (Troll Berserker)           Turns: 5054, Time: 00:27:33

Health: -1/78      AC:  7    Str: 27    XL:     8   Next: 36%
Magic:  7/7        EV: 11    Int:  3    God:    Trog [***...]
Gold:   253        SH:  0    Dex: 10    Spells: 7/7 levels left

rFire    . . .     SeeInvis .   p - +2 whip (venom)
rCold    . . .     Gourm    +   (no shield)
rNeg     . . .     Faith    .   a - +0 animal skin
rPois    +         Spirit   .   (helmet restricted)
rElec    .         Reflect  .   q - +1 cloak {rPois}
rCorr    .         Harm     .   (gloves unavailable)
MR       .....                  (boots unavailable)
Stlth    +.........             j - amulet of rage
Regen    0.7/turn               (no ring)
MPRegen  0.1/turn               (no ring)

@: berserk cooldown, slowed, very slow
A: unfitting armour, claws 3, fast metabolism 3, gourmand, regeneration 1,
shaggy fur 1, tough skin 2
a: Berserk, Trog's Hand, Burn Spellbooks, Renounce Religion, Evoke Berserk Rage


You were on level 6 of the Dungeon.
You worshipped Trog.
Trog was most pleased with you.
You were near starving.

You visited 1 branch of the dungeon, and saw 6 of its levels.

You collected 253 gold pieces.

Inventory:

Hand Weapons
 e - a +0 hunting sling
 p - a +2 whip of venom (weapon)
 w - a +3 vampiric hand axe
Missiles
 l - 44 stones (quivered)
Armour
 a - a +0 animal skin (worn)
 q - a +1 cloak of poison resistance (worn)
Magical Staves
 m - an uncursed staff of poison
 y - an uncursed staff of summoning {coffre}
Jewellery
 j - an amulet of rage (around neck)
 z - an uncursed ring of ice {unknown}
 A - an uncursed ring of fire {unknown}
Wands
 x - a wand of iceblast (7/15)
Scrolls
 d - a scroll of teleportation {unknown}
 f - 2 scrolls of remove curse
 h - a scroll of brand weapon {unknown}
 i - a scroll of amnesia
 k - a scroll of recharging
 r - a scroll of blinking {unknown}
 s - a scroll of noise {unknown}
 v - a scroll of identify
Potions
 c - 3 potions of flight
 n - 2 potions of agility {unknown}
 o - a potion of degeneration {unknown}
 t - a potion of ambrosia {unknown}
 u - a potion of mutation {unknown}
Comestibles
 b - 3 bread rations


   Skills:
 + Level 4.0 Fighting
 * Level 3.1(4.5) Maces & Flails
 - Level 4.6(5.0) Staves
 + Level 5.2 Dodging
 + Level 4.3 Unarmed Combat


You had 7 spell levels left.
You didn't know any spells.

Dungeon Overview and Level Annotations

Branches:
Dungeon (6/15)             Temple (0/1) D:4

Altars:
Nemelex Xobeh
Vehumet
The Shining One

Shops:
D:4 *

Annotations:
D:2 1 transporter


Innate Abilities, Weirdness & Mutations

You are too large for most types of armour.
You have claws for hands.
Your metabolism is lightning-fast.
You like to eat raw meat.
Your natural rate of healing is unusually fast.
You are covered in fur. (AC +1)
You have very tough skin. (AC +2)


Message History

The gnoll hits you from afar with a halberd.
* * * LOW HITPOINT WARNING * * *
The orc wizard hits you but does no damage.
The centaur hits you.
* * * LOW HITPOINT WARNING * * *
As you read the scroll labeled ZABBAS QUQI, it crumbles to dust.
You feel blessed for a moment.
It was a scroll of remove curse.
The gnoll misses you. The centaur barely misses you.
The orc wizard hits you but does no damage.
The centaur hits you.
* * * LOW HITPOINT WARNING * * *
The orc wizard closely misses you.
The gnoll hits you from afar with a halberd!
* * * LOW HITPOINT WARNING * * *
Unknown command.
As you read the scroll labeled WEKLYXUPEN, it crumbles to dust.
It is a scroll of enchant weapon.
Your +1 whip of venom glows red for a moment.
The centaur hits you.
You die...

## .. ... # #.# #.# ### #.#
..# #.# #####.#.# #.#
#.....#.# #
#########.#####o#####o##o#####
................@cgg)g).......
##.######.......##g#####g#####
##.# ##########.......# ##.#
######### ##.# .#.# ##.# ...#
####


You could see a centaur, an orc wizard, 4 gnolls and an orc.

Vanquished Creatures
  Grinder (D:4)
  Eustachio (D:6)
  4 ogres
  A bullfrog (D:6)
  A gnoll shaman (D:6)
  6 orc priests
  3 orc wizards
  An iguana (D:4)
  2 worker ants
  A hound zombie (D:3)
  A howler monkey zombie (D:3)
  2 worker ant zombies
  7 adders
  A shadow imp (D:5)
  An adder skeleton (D:3)
  3 worms
  5 dart slugs
  4 leopard geckos
  18 orcs
  5 giant cockroaches
  6 goblins
  11 hobgoblins
  9 jackals
  6 kobolds
  2 quokkas (D:3)
  A ball python (D:3)
  5 bats
  5 frilled lizards
  A quokka zombie (D:3)
  7 rats
121 creatures vanquished.

Notes
Turn   | Place    | Note
-------+----------+-------------------------------------------
     0 | D:1      | seb29deBrest the Troll Berserker began the quest for the Orb.
     0 | D:1      | Reached XP level 1. HP: 22/22 MP: 0/0
   103 | D:1      | Reached XP level 2. HP: 29/29 MP: 1/1
   656 | D:2      | Reached XP level 3. HP: 35/36 MP: 2/2
   694 | D:2      | Reached skill level 3 in Dodging
  1015 | D:2      | Reached ** piety under Trog
  1149 | D:2      | Found a sparkling altar of Nemelex Xobeh.
  1149 | D:2      | Found a transporter.
  1512 | D:2      | Reached XP level 4. HP: 44/44 MP: 3/3
  1858 | D:3      | Reached XP level 5. HP: 51/52 MP: 4/4
  1892 | D:3      | Found a glowing golden altar of the Shining One.
  2105 | D:3      | Reached skill level 1 in Staves
  2222 | D:3      | Reached *** piety under Trog
  2439 | D:3      | Found a faded altar of an unknown god.
  2660 | D:4      | Found a staircase to the Ecumenical Temple.
  2668 | D:4      | Noticed an ogre
  2677 | D:4      | Killed an ogre
  2677 | D:4      | Reached XP level 6. HP: 33/61 MP: 5/5
  3004 | D:4      | Found a radiant altar of Vehumet.
  3004 | D:4      | Found Qeij's Elemental Accessories.
  3005 | D:4      | Noticed Grinder
  3007 | D:4      | Paralysed by Grinder for 7 turns
  3021 | D:4      | Killed Grinder
  3021 | D:4      | Reached skill level 4 in Dodging
  3021 | D:4      | Reached XP level 7. HP: 67/67 MP: 6/6
  4068 | D:5      | Entered Level 5 of the Dungeon
  4849 | D:6      | Reached skill level 1 in Maces & Flails
  4856 | D:6      | Reached XP level 8. HP: 54/78 MP: 7/7
  5008 | D:6      | Noticed Eustachio
  5023 | D:6      | Killed Eustachio
  5023 | D:6      | Reached skill level 5 in Dodging
  5053 | D:6      | HP: 1/78 [gnoll/halberd (8)]
  5054 | D:6      | Slain by a centaur

Skill      XL: |  1  2  3  4  5  6  7  8 |
---------------+-------------------------+-----
Dodging        | 3 4 5 |  5.2
Unarmed Combat | 4 |  4.3
Fighting       | 3 4 |  4.0
Staves         | 2 3 4 |  4.6
Maces & Flails | 1 3 |  3.1

Action                   |  1- 3 |  4- 6 |  7- 9 || total
-------------------------+-------+-------+-------++-------
Melee: Unarmed           |   108 |     2 |       ||   110
       Staff             |       |   274 |   108 ||   382
       Punch             |       |     5 |     4 ||     9
       Whip              |       |       |    72 ||    72
Invok: Berserk           |       |     3 |     4 ||     7
       Trog's Hand       |       |     1 |     3 ||     4
  Use: Scroll            |       |     5 |     3 ||     8
       Potion            |       |     5 |     2 ||     7
 Stab: Sleeping          |     1 |       |       ||     1
  Eat: Meat ration       |     1 |       |     3 ||     4
       Chunk             |     3 |    16 |     1 ||    20
       Bread ration      |     1 |       |     1 ||     2
       Fruit             |       |       |     3 ||     3
Armor: Animal skin       |    40 |   115 |    64 ||   219
       Skin              |       |    83 |       ||    83
Dodge: Dodged            |    44 |   194 |    94 ||   332
